 Dungeon Crawl Stone Soup version 0.20-a0-738-gb057e68 (webtiles) character file.

194710 Xitotheberia the Ruinous (level 18, -19/123 HPs)
             Began as a Demonspawn Wizard on Feb 24, 2017.
             Was a High Priest of Vehumet.
             Killed from afar by a spriggan air mage (32 damage)
             ... with a bolt of lightning
             ... led by a spriggan defender
             ... on level 4 of the Depths.
             The game lasted 02:57:24 (39426 turns).

Xitotheberia the Ruinous (Demonspawn Wizard)       Turns: 39426, Time: 02:57:25

Health: -19/123    AC: 17    Str: 15    XL:     18   Next: 10%
Magic:  0/38       EV: 12    Int: 30    God:    Vehumet [*****.]
Gold:   3140       SH:  0    Dex: 13    Spells: 19/50 levels left

rFire    + . .     SeeInvis +   D - +6 short sword of Sathrojej {drain, rPois rN+ Int+4 Stlth-}
rCold    + + .     Gourm    .   J - +0 troll leather armour
rNeg     + . .     Faith    .   (no shield)
rPois    +         Spirit   +   (helmet unavailable)
rElec    .         Reflect  .   H - +1 cloak {MR+}
rCorr    .         Harm     .   F - +1 pair of gloves
MR       ++...     Clarity  +   (no boots)
Stlth    +.........             I - amulet "Licsavon" {RegenMP rC+ Str+4 Int+3}
Regen    0.7/turn               A - ring of wizardry
MPRegen  0.7/turn               L - ring of protection from fire

@: about to teleport, sanguine armour, very slightly contaminated, hasted, very
quick
A: antennae 3, clarity, cold resistance 1, powered by death 2, robust 1, magic
shield, magic regeneration, sanguine armour 2
a: Renounce Religion


You were on level 4 of the Depths.
You worshipped Vehumet.
Vehumet was extremely pleased with you.
You were not hungry.

You visited 7 branches of the dungeon, and saw 30 of its levels.

You collected 3260 gold pieces.
You spent 120 gold pieces at shops.

Inventory:

Hand Weapons
 t - a +1 halberd of venom
 D - the +6 short sword of Sathrojej (weapon) {drain, rPois rN+ Int+4 Stlth-}
   (You took it off a wight on level 6 of the Dungeon)

   A truly terrible weapon, it drains the life of those it strikes.
   It affects your intelligence (+4).
   It protects you from poison.
   It protects you from negative energy.
   It makes you less stealthy.
Armour
 a - a +2 robe of cold resistance
 C - a +0 buckler
 F - a +1 pair of gloves (worn)
 H - a +1 cloak of magic resistance (worn)
 J - a +0 troll leather armour (worn)
 O - the +0 cloak of Ynlimuur {rPois rC+++ rCorr MP-9}
   (You found it on level 11 of the Dungeon)

   It renders you almost immune to cold.
   It protects you from poison.
   It affects your magic capacity (-9).
   It protects you from acid and corrosion.
Magical Staves
 x - an uncursed staff of power
Jewellery
 i - an uncursed ring of positive energy {unknown}
 o - an uncursed ring of protection from magic
 v - a +3 ring of evasion
 w - an uncursed amulet of rage
 A - a ring of wizardry (right hand)
 E - an uncursed ring of protection from magic
 G - an uncursed ring of poison resistance
 I - the amulet "Licsavon" (around neck) {RegenMP rC+ Str+4 Int+3}
   (You acquired it on level 10 of the Dungeon)

   [amulet of magic regeneration]

   It increases your magic regeneration.
   It affects your strength (+4).
   It affects your intelligence (+3).
   It protects you from cold.
 L - a ring of protection from fire (left hand)
 V - a +5 ring of slaying
Wands
 n - a wand of confusion (17/48)
 q - a wand of iceblast (0/15)
 u - a wand of disintegration (14/24)
 z - a wand of random effects (43/48)
 P - a wand of flame (32/48)
 S - a wand of disintegration (15/24)
Scrolls
 b - 2 scrolls of fog
 e - a scroll of teleportation
 f - 14 scrolls of identify
 h - 8 scrolls of remove curse
 l - 3 scrolls of recharging
 r - 3 scrolls of amnesia
 s - 9 scrolls of enchant weapon
 B - 2 scrolls of enchant armour
 U - 2 scrolls of magic mapping
Potions
 g - 2 potions of haste
 k - a potion of heal wounds
 K - a potion of brilliance
 Q - 8 potions of curing
 W - 2 potions of might
 Y - 2 potions of flight
Books
 c - a book of Minor Magic

   Spells                             Type                      Level
   a - Magic Dart                     Conjuration                  1
   b - Blink                          Translocation                2
   c - Call Imp                       Summoning                    2
   d - Slow                           Hexes                        2
   e - Conjure Flame                  Conjuration/Fire             3
   f - Mephitic Cloud                 Conjuration/Poison/Air       3
 y - a book of Fire

   Spells                             Type                      Level
   a - Ignite Poison                  Fire/Transmutation/Poison    3
   b - Fireball                       Conjuration/Fire             5
   c - Bolt of Fire                   Conjuration/Fire             6
   d - Ring of Flames                 Charms/Fire                  7
   e - Ignition                       Fire                         8
 N - a book of Necromancy

   Spells                             Type                      Level
   a - Pain                           Necromancy                   1
   b - Animate Skeleton               Necromancy                   1
   c - Vampiric Draining              Necromancy                   3
   d - Regeneration                   Charms/Necromancy            3
   e - Animate Dead                   Necromancy                   4
   f - Control Undead                 Necromancy                   4
 R - a book of Frost

   Spells                             Type                      Level
   a - Freeze                         Ice                          1
   b - Throw Frost                    Conjuration/Ice              2
   c - Ozocubu's Armour               Charms/Ice                   3
   d - Throw Icicle                   Conjuration/Ice              4
   e - Summon Ice Beast               Ice/Summoning                4
Miscellaneous
 T - a phantom mirror
Comestibles
 d - a bread ration
 j - 14 meat rations
 m - 16 royal jellies
 p - 15 fruits


   Skills:
 - Level 2.0 Fighting
 - Level 1.7 Dodging
 - Level 1.7 Stealth
 + Level 16.8 Spellcasting
 - Level 21.2 Conjurations
 - Level 1.0 Summonings
 - Level 0.8 Translocations
 * Level 13.8 Fire Magic


You had 19 spell levels left.
You knew the following spells:

 Your Spells              Type           Power        Failure   Level  Hunger
a - Magic Dart            Conj           ####         0%          1    None
b - Throw Icicle          Conj/Ice       ######..     1%          4    None
c - Mephitic Cloud        Conj/Pois/Air  ######..     1%          3    None
d - Fireball              Conj/Fire      #######...   1%          5    None
e - Blink                 Tloc           N/A          1%          2    None
f - Conjure Flame         Conj/Fire      #######.     0%          3    None
g - Ignite Poison         Fire/Tmut/Pois ######..     1%          3    None
h - Dazzling Spray        Conj/Hex       ######       1%          3    None
i - Summon Small Mammal   Summ           ####         1%          1    None
j - Iron Shot             Conj/Erth      ######....   1%          6    ##.....


Dungeon Overview and Level Annotations

Branches:
Dungeon (15/15)            Temple (1/1) D:7            Lair (6/6) D:11
 Shoals (1/4) Lair:3       Spider (0/4) Lair:2        Slime (0/5) Lair:6
    Orc (2/2) D:10            Elf (1/3) Orc:2        Vaults (0/5) D:13
 Depths (4/5) D:15

Altars:
Ashenzari
Cheibriados
Dithmenos
Elyvilon
Fedhas
Gozag
Kikubaaqudgha
Makhleb
Okawaru
Qazlal
Trog
Vehumet
Xom
Yredelemnul
Zin
Beogh
Jiyva

Shops:
D:9 (   D:12 (   Orc:1 %}   Orc:2 [*=!   Depths:1 ==}

Portals:
Hell: Depths:1 Depths:2 Depths:3
Abyss: Depths:4
Pandemonium: Depths:3
Ziggurat: Depths:4
Trove: Depths:2 (show slimy rune of Zot)

Annotations:
D:5 Bikalo's ghost, novice DsWz
D:10 exclusions: ice statue and obsidian statue
Shoals:1 Aizul
Depths:4 2 exclusions


Innate Abilities, Weirdness & Mutations

You have a pair of large antennae on your head. (SInv)
You regenerate health from kills.
You are robust. (+10% HP)
When hurt, damage is shared between your health and your magic reserves.
You regenerate magic rapidly.
When seriously injured, your bleeding wounds create thick armour. (AC +9)
You possess an exceptional clarity of mind.
Your flesh is cold resistant. (rC+)


Message History

The spriggan air mage waves its arms in wide circles.
The air twists around and strikes you!
* * * LOW HITPOINT WARNING * * *
Okay, then.
You feel much better.
Casting: Fireball
Confirm with . or Enter, or press ? or * to list all spells.
You don't have enough magic to cast that spell.
You feel much better.
The spriggan air mage casts a spell at you.
The bolt of lightning hits you!
Okay, then.
As you read the scroll of teleportation, it crumbles to dust.
You feel strangely unstable. The fire giant casts a spell at you.
The bolt of fire hits you! You resist.
* * * LOW HITPOINT WARNING * * *
The spriggan air mage casts a spell at you.
The bolt of lightning hits you!
You die...

#.####..#.#.#.#.#.#.#. {
#.....................
{{
#.................##.# {
#.###....C...........# {
#.# #.............#### {
#.# #.............# #.#
#....########## ########
###.# #....# .......#
#...# #@...# ...i...#
#...# #....# .......#
#...# #ic..#
....§§§###...###....###
.####§§.................
.# #§§.................
.# #c§......####.......
.......###...# ..#####
..c....# #...# ..#


You could see a fire giant, a yaktaur captain and a spriggan air mage.

Vanquished Creatures
  Boris (Depths:3)
  Nikola (Depths:1)
  A golden dragon (Depths:4)
  2 liches
  Gastronok (Orc:1)
  A storm dragon (Depths:4)
  A tengu reaver (Depths:1)
  6 fire giants
  A frost giant (Depths:3)
  An iron dragon (Depths:4)
  A deep elf elementalist (Depths:3)
  A reaper (Depths:3)
  7 stone giants
  3 spriggan defenders
  2 vampire knights (Depths:4)
  8 ettins
  5 fire dragons
  4 ogre magi
  2 yaktaur captains
  6 great orbs of eyes
  An ice dragon (Depths:3)
  10 vault guards
  7 hydras
  A spriggan air mage (Depths:3)
  3 catoblepae (Lair:6)
  4 rakshasas
  7 centaur warriors
  5 deep troll shamans
  A death knight (D:15)
  23 two-headed ogres
  16 death yaks
  3 deep troll earth magi
  A dancing weapon (Elf:1)
  5 orc high priests (Orc:2)
  4 tengu warriors
  4 spriggan berserkers
  A deep elf knight (Elf:1)
  An iron troll (Depths:1)
  A salamander mystic (Depths:1)
  11 deep trolls
  4 wizards
  A flayed ghost (Depths:3)
  A gelid demonspawn (Depths:3)
  3 glowing orange brains
  4 unseen horrors
  2 phantasmal warriors (Depths:4)
  7 orc knights (Orc:2)
  A mana viper (shapeshifter) (Depths:1)
  2 deep elf magi
  2 orc sorcerers
  An oklob plant (Lair:1)
  A faun (Shoals:1)
  15 ugly things
  5 manticores
  4 salamanders (Depths:1)
  3 cyclopes
  5 elephants (Lair:4)
  3 torpor snails
  A water nymph (shapeshifter) (Depths:3)
  2 black mambas
  2 merfolk sirens
  A smoke demon (Depths:3)
  5 spectral swamp worms
  12 spiny frogs
  5 kobold demonologists
  2 rime drakes
  9 yaktaurs
  3 komodo dragons
  An efreet (D:13)
  An ice devil (Depths:3)
  4 merfolk
  A queen bee (shapeshifter) (D:14)
  5 jumping spiders (Lair:2)
  4 hornets
  3 tengu conjurers
  A polar bear (Lair:6)
  7 trolls
  Prince Ribbit (Lair:1)
  16 blink frogs
  10 slime creatures (Depths:2)
  10 hippogriffs
  A dream sheep (shapeshifter) (Depths:2)
  7 dream sheep (Lair:6)
  A centaur simulacrum (D:14)
  A shadow (D:14)
  A vampire (D:15)
  3 redbacks (Lair:2)
  6 wraiths
  A wyvern (shapeshifter) (Depths:4)
  2 spriggans
  51 yaks
  An air elemental (Elf:1)
  4 wyverns
  2 hungry ghosts
  2 fire bats (Depths:1)
  A steam dragon (Lair:4)
  A redback simulacrum (D:14)
  2 basilisks
  A chaos spawn (Depths:3)
  2 wargs
  2 soldier ants
  14 water moccasins
  36 orc warriors
  18 porcupines
  A hornet zombie (D:15)
  7 black bears
  2 ice beasts
  19 ogres
  3 sky beasts
  2 necrophages
  2 phantoms (D:4)
  4 wolves
  13 centaurs
  13 crocodiles
  8 big kobolds
  25 bullfrogs
  A water moccasin zombie (D:8)
  2 wyvern skeletons
  6 scorpions
  16 killer bees
  20 wights
  3 howler monkeys (D:6)
  12 crimson imps
  9 jellies
  3 hounds
  38 orc priests
  5 bullfrog zombies
  3 centaur skeletons
  3 bullfrog skeletons
  6 iguanas
  29 orc wizards
  11 worker ants
  A hound skeleton (D:9)
  A worker ant zombie (D:10)
  4 gnolls (D:5)
  18 adders
  A howler monkey skeleton (D:9)
  3 shadow imps
  7 oozes
  7 worms
  2 dart slugs (D:4)
  2 leopard geckos
  93 orcs
  12 bats
  5 giant cockroaches
  4 hobgoblins
  22 jackals
  10 quokkas
  3 ball pythons
  A ball python zombie (D:5)
  2 frilled lizards
  6 goblins
  30 kobolds
  A quokka skeleton (D:4)
  10 rats
  A fungus (D:11)
  4 plants
1010 creatures vanquished.

Vanquished Creatures (collateral kills)
  A spriggan (Depths:3)
1 creature vanquished.

Vanquished Creatures (others)
  A black bear (D:11)
  An orc priest (D:6)
  A bush (Lair:6)
  59 fungi
  48 plants
110 creatures vanquished.

Grand Total: 1121 creatures vanquished

Notes
Turn   | Place    | Note
-------+----------+-------------------------------------------
     0 | D:1      | Xitotheberia the Demonspawn Wizard began the quest for the Orb.
     0 | D:1      | Reached XP level 1. HP: 13/13 MP: 4/4
   545 | D:1      | Reached skill level 2 in Conjurations
   546 | D:1      | Gained mutation: You regenerate a little health from kills. [demonic ancestry]
   546 | D:1      | Reached XP level 2. HP: 19/19 MP: 1/6
  1709 | D:2      | Found an ancient bone altar of Kikubaaqudgha.
  1710 | D:2      | Found a blossoming altar of Fedhas.
  1719 | D:2      | Reached skill level 3 in Conjurations
  1719 | D:2      | Reached XP level 3. HP: 24/24 MP: 1/7
  1858 | D:2      | Learned a level 3 spell: Mephitic Cloud
  1862 | D:2      | Learned a level 3 spell: Conjure Flame
  2885 | D:1      | Reached skill level 1 in Fighting
  3159 | D:3      | Gained mutation: You have a pair of small antennae on your head. [demonic ancestry]
  3159 | D:3      | Reached XP level 4. HP: 32/32 MP: 3/8
  3599 | D:3      | Found a basalt altar of Yredelemnul.
  3879 | D:3      | Reached skill level 1 in Fire Magic
  4241 | D:3      | Reached XP level 5. HP: 37/37 MP: 5/10
  4257 | D:3      | Reached skill level 4 in Conjurations
  4710 | D:4      | Gained mutation: You regenerate health from kills. [demonic ancestry]
  4710 | D:4      | Reached XP level 6. HP: 43/43 MP: 5/11
  5722 | D:4      | Reached skill level 5 in Conjurations
  5816 | D:4      | Gained mutation: You have a pair of antennae on your head. [demonic ancestry]
  5816 | D:4      | Reached XP level 7. HP: 48/48 MP: 4/13
  5954 | D:5      | Entered Level 5 of the Dungeon
  6037 | D:5      | Noticed Bikalo's ghost (novice DsWz)
  6450 | D:5      | Found a white marble altar of Elyvilon.
  6572 | D:5      | Reached skill level 6 in Conjurations
  7193 | D:5      | Reached XP level 8. HP: 31/54 MP: 6/15
  7769 | D:5      | Reached skill level 5 in Spellcasting
  7876 | D:6      | Reached skill level 7 in Conjurations
  8025 | D:6      | Reached skill level 5 in Fire Magic
  8483 | D:6      | Reached skill level 8 in Conjurations
  8638 | D:6      | Learned a level 3 spell: Dazzling Spray
  8650 | D:6      | Gained mutation: When hurt, damage is shared between your health and your magic reserves. [demonic ancestry]
  8650 | D:6      | Reached XP level 9. HP: 43/59 MP: 7/17
  8839 | D:6      | Learned a level 1 spell: Summon Small Mammal
  8842 | D:6      | Learned a level 2 spell: Blink
  9111 | D:6      | Reached skill level 9 in Conjurations
  9217 | D:6      | Got an iridescent short sword {drain}
  9218 | D:6      | Identified the +6 short sword of Sathrojej {drain, rPois rN+ Int+4 Stlth-} (You took it off a wight on level 6 of the Dungeon)
 10037 | D:7      | Reached skill level 10 in Conjurations
 10527 | D:7      | Found a staircase to the Ecumenical Temple.
 10536 | Temple   | Entered the Ecumenical Temple
 10620 | Temple   | Became a worshipper of Vehumet
 11619 | D:8      | Noticed a two-headed ogre
 11817 | D:8      | Noticed a two-headed ogre
 11906 | D:8      | Killed a two-headed ogre
 11906 | D:8      | Reached skill level 11 in Conjurations
 11906 | D:8      | Reached XP level 10. HP: 64/64 MP: 0/21
 11918 | D:8      | Noticed a two-headed ogre
 12233 | D:8      | Killed a two-headed ogre
 12771 | D:8      | Killed a two-headed ogre
 12771 | D:8      | Reached skill level 12 in Conjurations
 12881 | D:8      | Reached * piety under Vehumet
 12881 | D:8      | Offered knowledge of Flame Tongue by Vehumet.
 13217 | D:9      | Found a shimmering altar of Xom.
 13452 | D:9      | Noticed a soul eater
 13477 | D:9      | Noticed an orange demon
 13477 | D:9      | Noticed a soul eater
 13651 | D:9      | Reached XP level 11. HP: 62/69 MP: 13/23
 13810 | D:9      | Found Otzugad's Weapon Emporium.
 13818 | D:9      | Reached ** piety under Vehumet
 13831 | D:9      | Offered knowledge of Shock by Vehumet.
 13944 | D:10     | Entered Level 10 of the Dungeon
 14049 | D:10     | Found a staircase to the Orcish Mines.
 14052 | D:10     | Noticed an obsidian statue
 14136 | D:10     | Reached skill level 13 in Conjurations
 14688 | D:10     | Identified a scroll of acquirement
 14689 | D:10     | Got a twitching crystal amulet
 14690 | D:10     | Identified the amulet "Licsavon" {RegenMP rC+ Str+4 Int+3} (You acquired it on level 10 of the Dungeon)
 15883 | D:11     | Offered knowledge of Searing Ray by Vehumet.
 16058 | D:11     | Got a heavily runed cloak
 16064 | D:11     | Identified the cursed +0 cloak of Ynlimuur {rPois rC+++ rCorr MP-9} (You found it on level 11 of the Dungeon)
 16095 | D:11     | Noticed an unseen horror
 16102 | D:11     | Killed an unseen horror
 16121 | D:11     | Reached *** piety under Vehumet
 16349 | D:11     | Noticed an unseen horror
 16364 | D:11     | Killed an unseen horror
 16720 | D:11     | Reached skill level 14 in Conjurations
 16816 | D:11     | Offered knowledge of Ignite Poison by Vehumet.
 16929 | D:11     | Found a staircase to the Lair.
 17317 | D:11     | Learned a level 3 spell: Ignite Poison
 17379 | D:11     | Reached skill level 10 in Spellcasting
 17425 | Lair:1   | Entered Level 1 of the Lair of Beasts
 17450 | Lair:1   | Noticed Prince Ribbit
 17470 | Lair:1   | Killed Prince Ribbit
 17648 | Lair:1   | Noticed an oklob plant
 17715 | Lair:1   | Killed an oklob plant
 17715 | Lair:1   | Reached **** piety under Vehumet
 17764 | Lair:1   | Learned a level 4 spell: Throw Icicle
 17878 | Lair:1   | Gained mutation: You regenerate magic rapidly. [demonic ancestry]
 17878 | Lair:1   | Reached XP level 12. HP: 61/77 MP: 8/26
 18018 | Lair:1   | Offered knowledge of Fireball by Vehumet.
 18025 | Lair:1   | Learned a level 5 spell: Fireball
 18928 | Lair:2   | Reached skill level 15 in Conjurations
 19197 | Lair:2   | Gained mutation: You possess an exceptional clarity of mind. [potion of mutation]
 19197 | Lair:2   | Gained mutation: Your flesh is cold resistant. (rC+) [potion of mutation]
 19222 | Lair:2   | Found a hole to the Spider Nest.
 20918 | Lair:3   | Found a staircase to the Shoals.
 20937 | Lair:3   | Got a translucent long sword
 20940 | Lair:3   | Identified the +10 long sword of False Accusations {slice, rC+ rN+ Str-4 SInv} (You found it on level 3 of the Lair of Beasts)
 21212 | Lair:3   | Found an opulent altar of Gozag.
 22098 | Lair:4   | Reached skill level 16 in Conjurations
 22439 | Lair:4   | Noticed a seven-headed hydra
 22441 | Lair:4   | Killed a seven-headed hydra
 22474 | Lair:4   | Noticed a death yak
 22475 | Lair:4   | Noticed a death yak
 22475 | Lair:4   | Noticed a death yak
 22475 | Lair:4   | Noticed a death yak
 22479 | Lair:4   | Killed a death yak
 22479 | Lair:4   | Killed a death yak
 22480 | Lair:4   | Killed a death yak
 22480 | Lair:4   | Gained mutation: You have a pair of large antennae on your head. (SInv) [demonic ancestry]
 22480 | Lair:4   | Reached XP level 13. HP: 83/83 MP: 16/28
 22482 | Lair:4   | Reached ***** piety under Vehumet
 22491 | Lair:4   | Offered knowledge of Venom Bolt by Vehumet.
 23171 | Lair:5   | Reached skill level 17 in Conjurations
 24271 | Lair:6   | Entered Level 6 of the Lair of Beasts
 24704 | Lair:6   | Reached skill level 18 in Conjurations
 24857 | Lair:6   | Found a staircase to the Slime Pits.
 24858 | Lair:6   | Found a viscous altar of Jiyva.
 25254 | Lair:6   | Gained mutation: When seriously injured, your bleeding wounds create armour. (AC +9) [demonic ancestry]
 25254 | Lair:6   | Reached XP level 14. HP: 70/90 MP: 2/30
 26050 | Orc:1    | Entered Level 1 of the Orcish Mines
 26050 | Orc:1    | Found Ibusioqi's Quality Used Wands.
 26122 | Orc:1    | Found Juolulun's Food Boutique.
 26340 | Orc:1    | Noticed Gastronok
 26368 | Orc:1    | Killed Gastronok
 26543 | Orc:1    | Reached skill level 19 in Conjurations
 26739 | Orc:2    | Entered Level 2 of the Orcish Mines
 26739 | Orc:2    | Found a roughly hewn altar of Beogh.
 26966 | Orc:2    | Found a staircase to the Elven Halls.
 27319 | Orc:2    | Offered knowledge of Airstrike by Vehumet.
 27915 | Orc:2    | Found Weavun's Distillery.
 27916 | Orc:2    | Found Jeeck's General Store.
 27916 | Orc:2    | Found Hyhamos's Jewellery Shoppe.
 27917 | Orc:2    | Found Qekumed's Armour Shoppe.
 27927 | Orc:2    | Bought a potion of heal wounds for 60 gold pieces
 27927 | Orc:2    | Bought a potion of heal wounds for 60 gold pieces
 29023 | D:12     | Found Togunaed's Antique Weapon Shop.
 29102 | D:12     | Gained mutation: When seriously injured, your bleeding wounds create thick armour. (AC +9) [demonic ancestry]
 29102 | D:12     | Reached XP level 15. HP: 95/95 MP: 21/32
 29294 | D:13     | Reached skill level 20 in Conjurations
 29332 | D:13     | Offered knowledge of Lee's Rapid Deconstruction by Vehumet.
 29633 | D:13     | Found a gate to the Vaults.
 31316 | D:15     | Entered Level 15 of the Dungeon
 31425 | D:15     | Found a shattered altar of Ashenzari.
 31656 | D:15     | Offered knowledge of Bolt of Magma by Vehumet.
 31673 | D:15     | Found a staircase to the Depths.
 31827 | D:15     | Reached skill level 21 in Conjurations
 32471 | Shoals:1 | Entered Level 1 of the Shoals
 32527 | Shoals:1 | Noticed Aizul
 32880 | Elf:1    | Entered Level 1 of the Elven Halls
 33298 | Depths:1 | Entered Level 1 of the Depths
 33562 | Depths:1 | Reached XP level 16. HP: 101/101 MP: 26/34
 34037 | Depths:1 | Reached skill level 15 in Spellcasting
 34123 | Depths:1 | Found a gateway to Hell.
 34289 | Depths:1 | Found Byporaosm's Gadget Shoppe.
 34289 | Depths:1 | Found Wosat's Jewellery Boutique.
 34290 | Depths:1 | Found Funofrai's Jewellery Boutique.
 34399 | Depths:1 | Noticed Nikola
 34418 | Depths:1 | Killed Nikola
 34790 | Depths:2 | Noticed a lich
 34797 | Depths:1 | Killed a lich
 35144 | Depths:2 | Found a portal to a secret trove of treasure.
 35290 | Depths:1 | Offered knowledge of Bolt of Cold by Vehumet.
 35558 | Depths:2 | Reached skill level 10 in Fire Magic
 36368 | Depths:3 | Gained mutation: You are robust. (+10% HP) [demonic ancestry]
 36368 | Depths:3 | Reached XP level 17. HP: 74/116 MP: 15/36
 36427 | Depths:3 | Noticed Boris
 36439 | Depths:3 | Killed Boris
 36626 | Depths:3 | HP: 5/116 [fire giant/bolt of fire (19)]
 36774 | Depths:3 | Offered knowledge of Iron Shot by Vehumet.
 37434 | Depths:3 | Noticed a lich
 37483 | Depths:3 | Killed a lich
 37882 | Depths:3 | Learned a level 6 spell: Iron Shot
 38245 | Depths:3 | Found a one-way gate leading to the halls of Pandemonium.
 38371 | Depths:4 | Found a gateway to a ziggurat.
 38390 | Depths:4 | Noticed a golden dragon
 38401 | Depths:4 | Killed a golden dragon
 38932 | Depths:4 | Found a one-way gate to the infinite horrors of the Abyss.
 38988 | Depths:4 | Reached XP level 18. HP: 84/123 MP: 10/38
 39426 | Depths:4 | Killed from afar by a spriggan air mage

Vault maps used:
D:1:      evilmike_arrival_run_for_it
D:2:      grunt_temple_overflow_growth_and_decay, serial_forest,
          infiniplex_forest_straight_3, infiniplex_forest_lined_3,
          infiniplex_forest_clump_large, infiniplex_forest_clump_large,
          infiniplex_forest_clump_medium, infiniplex_forest_corner_2,
          corexii_corridor_pit, minmay_tromino_v2
D:3:      yredelemnul_altar_generic, minmay_misc_feat_secret_circle
D:5:      nicolae_overflow_crystal_walls, first_bread, minivault_11
D:6:      minmay_misc_feat_roman
D:7:      temple_fountains
D:9:      basic_altar, serial_shops, shop, hangedman_little_slice_of_home
D:10:     minmay_separated_statues
D:11:     due_lair_maze_entry_diamond
D:12:     serial_shops, kennysheep_little_box, hangedman_decor_slide_cut
D:13:     erik_vaults_2
D:14:     minmay_misc_feat_encased, kennysheep_windowed_goal
D:15:     grunt_enter_depths_snipers, basic_altar
Temple:   dpeg_five_rooms_temple
Lair:1:   grunt_megastairs_4, lemuel_fruit_fields, infiniplex_staircase_pool_2,
          minmay_lair_oklob_chamber, uniq_prince_ribbit2
Lair:2:   nicolae_spider_entry_tight_spaces, serial_bayou_pond_b
Lair:3:   elwin_shoals_entry_stream, basic_altar
Lair:4:   grunt_megastairs_2
Lair:5:   grunt_megastairs_1
Lair:6:   evilmike_catoblepas_cave, slime_altar_1
Shoals:1: uniq_josephine, uniq_aizul, uniq_louise
Orc:1:    serial_shops, nicolae_shop_crystal, nicolae_for_you_no_charge,
          uniq_gastronok
Orc:2:    st_orc_pillars, basic_altar
Elf:1:    lemuel_upstairs_altar, kennysheep_underground_church,
          lemuel_blue_sif_altar, hangedman_decor_cross_pass
Depths:1: hangedman_abyss_or_decor_lesser_grid, hell_entry, st_stairs_10,
          minmay_shop_grove, uniq_nikola
Depths:2: grated_community_mu, pf_hell_entry_tar_river, enter_trove_0, uniq_mara
Depths:3: kennysheep_big_flooded_room, rand_demon_pan_entry_9, hell_entry,
          grunt_megastairs_3, minmay_staircase_bubble, uniq_boris
Depths:4: evilmike_pillar_path, enter_ziggurat_d, hell_entry, abyss_entry,
          hangedman_decor_riveting, grunt_decor_arrowhead,
          nicolae_elemental_shop

Skill      XL: |  1  2  3  4  5  6  7  8  9 10 11 12 13 14 15 16 17 |
---------------+----------------------------------------------------+-----
Conjurations   | 2 3 4 5 6 8 11 12 14 16 18 19 21 | 21.2
Fighting       | 1 2 |  2.0
Fire Magic     | 1 2 3 4 5 10 13 | 13.8
Spellcasting   | 4 5 7 8 10 11 12 13 14 15 16 | 16.8
Dodging        | |  1.7
Stealth        | |  1.7
Summonings     | |  1.0
Translocations | |  0.8

Action                   |  1- 3 |  4- 6 |  7- 9 | 10-12 | 13-15 | 16-18 || total
-------------------------+-------+-------+-------+-------+-------+-------++-------
Melee: Unarmed           |     1 |       |       |       |       |       ||     1
       Spear             |   103 |   198 |    66 |       |       |       ||   367
       Halberd           |       |       |   125 |    85 |       |       ||   210
       Short sword       |       |       |   176 |   571 |   402 |   115 ||  1264
       Dagger            |       |       |     4 |       |       |       ||     4
 Cast: Magic Dart        |    81 |   128 |   201 |    38 |    13 |     1 ||   462
       Mephitic Cloud    |     7 |     8 |    25 |    54 |    45 |    33 ||   172
       Conjure Flame     |       |     3 |    12 |    20 |     1 |     2 ||    38
       Dazzling Spray    |       |       |    10 |    67 |       |       ||    77
       Blink             |       |       |     1 |     7 |     5 |    11 ||    24
       Throw Icicle      |       |       |       |    80 |   320 |   206 ||   606
       Ignite Poison     |       |       |       |     3 |     8 |     6 ||    17
       Fireball          |       |       |       |    23 |   250 |   176 ||   449
       Iron Shot         |       |       |       |       |       |    22 ||    22
Evoke: Wand              |       |     3 |    10 |     7 |     3 |     2 ||    25
  Use: Scroll            |       |     5 |     7 |    18 |     8 |    10 ||    48
       Potion            |       |       |     9 |     5 |     3 |    14 ||    31
 Stab: Confused          |     5 |     6 |     7 |    24 |     7 |     9 ||    58
       Sleeping          |       |     5 |     1 |       |       |       ||     6
       Invisible         |       |       |       |     2 |       |       ||     2
  Eat: Chunk             |     8 |     6 |    12 |    16 |    31 |     2 ||    75
       Bread ration      |       |     1 |     2 |     4 |     2 |     3 ||    12
       Fruit             |       |       |       |     1 |       |       ||     1
       Meat ration       |       |       |       |       |       |     1 ||     1
Armor: Robe              |     8 |    32 |    65 |    13 |       |       ||   118
       Skin              |       |       |       |    55 |     2 |       ||    57
       Troll leather arm |       |       |       |       |    77 |    71 ||   148
Dodge: Dodged            |    25 |   105 |   250 |   390 |   315 |   137 ||  1222
